 Dungeon Crawl Stone Soup version 0.31-a0-986-g5e6e4ef867 (webtiles) character file.

Game seed: 14736390606664250772

44 LeprechaunX the Changeling (level 3, -5/24 HPs)
             Began as an Octopode Shapeshifter on Nov 7, 2023.
             Killed from afar by Natasha (8 damage)
             ... with a magic dart
             ... on level 2 of the Dungeon.
             The game lasted 00:01:24 (611 turns).

LeprechaunX the Changeling (Octopode Shapeshifter)   Turns: 611, Time: 00:01:25

Health: -5/24      AC:  1    Str: 13    XL:     3   Next: 60%
Magic:  3/3        EV: 13    Int: 12    God:
Gold:   83         SH:  0    Dex: 13    Spells: 2/2 levels left

rFire   . .          .
                       - Unarmed
rCold   . . .        (no shield)
rNeg    . . .        (helmet currently unavailable)
rPois   .            (no amulet)
rElec   .            (no ring)
rCorr   .            (no ring)
SInv    .            (no ring)
Will    .....        (no ring)
Stlth   ++           (no ring)
HPRegen 0.24/turn    (no ring)
MPRegen 0.08/turn    (no ring)
                     (no ring)

%: no passive effects
@: beast-form
A: beast (slay +2), almost no armour, amphibious, 8 rings, camouflage 1,
gelatinous body 1, (nimble swimmer 1), tentacles
a: Begin Untransformation


You were on level 2 of the Dungeon.
You were a hulking beast.
You visited 1 branch of the dungeon, and saw 2 of its levels.

You collected 83 gold pieces.

Inventory:

Talismans
 b - a beast talisman
 c - a flux talisman
Scrolls
 d - 4 scrolls of poison {unknown}
 e - 4 scrolls of teleportation {unknown}
 f - 2 scrolls of identify {unknown}
 l - a scroll of enchant armour {unknown}
Potions
 a - a potion of lignification
 g - a potion of invisibility {unknown}
 h - a potion of attraction {unknown}
 i - a potion of resistance {unknown}
 j - a potion of mutation {unknown}
 k - 2 potions of enlightenment {unknown}


   Skills:
 + Level 1.8 Fighting
 - Level 2.0 Dodging
 + Level 3.4 Unarmed Combat
 * Level 3.7 Shapeshifting


You had 2 spell levels left.
You didn't know any spells.
Your spell library was empty.

Dungeon Overview and Level Annotations

Branches:
Dungeon (2/15)

Altars:

Shops:
D:2 (

Annotations:
D:2 Natasha


Innate Abilities, Weirdness & Mutations

You are a hulking beast.
Your limbs bulge with bestial killing power. (Slay +2)
You cannot wear most types of armour.
You are amphibious.
You can wear up to eight rings at the same time.
Your skin changes colour to match your surroundings (Stealth+).
Your rubbery body absorbs attacks. (AC +1, EV +1)
((You are camouflaged when in or above water. (Stealth+)))
You have tentacles for arms and can constrict up to eight enemies at once.


Message History

You are too injured to fight recklessly!
You are too injured to fight recklessly!
You are too injured to fight recklessly!
You are too injured to fight recklessly!
You are too injured to fight recklessly!
You are too injured to fight recklessly!
You are too injured to fight recklessly!
You are too injured to fight recklessly!
You are too injured to fight recklessly!
You are too injured to fight recklessly!
You are too injured to fight recklessly!
You are too injured to fight recklessly!
You are too injured to fight recklessly!
Unknown command.
You closely miss the quokka. Your grab misses the quokka.
Your squeeze misses the quokka.
The quokka is severely wounded.
The quokka bites you.
Unknown command.
You tentacle-slap the quokka. You grab the quokka.
The quokka is severely wounded.
You constrict the quokka, but do no damage.
The quokka barely misses you.
Unknown command.
You barely miss the quokka.
The quokka is severely wounded.
You constrict the quokka.
You kill the quokka!
Natasha casts a spell at you. You resist with significant effort.
Unknown command.
Natasha mumbles some strange words.
Natasha stares at you and mumbles some strange words.
The magic dart hits you!
* * * LOW HITPOINT WARNING * * *
Natasha mumbles some strange words.
Natasha stares at you and mumbles some strange words.
The magic dart hits you!
You die...
Natasha curls up and begins to purr.

#####. ............##....#
.[.#..####.......####.##.#
#....#.......#...###.†.#.###
.................##..#.....##
#...........##..)##..###.#..#
........?..###...#......)....
.......5...?.<............##.
#.........(....#####...#...#
#....).h...h...## ##..###.#
#....##.##......#####..# #..
#...###.##.$.........#.###..
##.##....5.###....[.........
#. #.#.#### #.##.#.#....... .
#.#.# ##.##...##..#### # #
#.# ###............... #..
.................. ...
#.#.##..###......


You could see Natasha and 2 cerulean imps.

Vanquished Creatures
  2 worms (D:2)
  A dart slug (D:1)
  An endoplasm (D:1)
  2 giant cockroaches (D:1)
  5 goblins
  3 jackals (D:1)
  A quokka (D:2)
  6 ball pythons
  3 bats (D:1)
  2 frilled lizards
  4 kobolds
  4 rats
34 creatures vanquished.

Notes
Turn   | Place    | Note
-------+----------+-------------------------------------------
     0 | D:1      | LeprechaunX the Octopode Shapeshifter began the quest for
                  | the Orb.
     0 | D:1      | Reached XP level 1. HP: 13/13 MP: 1/1
    66 | D:1      | Reached XP level 2. HP: 18/18 MP: 2/2
   393 | D:1      | Reached XP level 3. HP: 23/23 MP: 3/3
   463 | D:2      | Found Igef Wid's Antique Weapon Emporium.
   596 | D:2      | Noticed Natasha
   611 | D:2      | Killed from afar by Natasha

Illustrated notes

Levels and vault maps discovered:
D:1:      doesnt_arrival_eight_statues, layout_rooms, minmay_pentomino_q2
D:2:      layout_rooms, serial_shops, nicolae_diamond_shop, uniq_natasha

Action                     || total
---------------------------++-------
  Melee: Unarmed           ||    68
         Constrict         ||    17
         Tentacles         ||    13
         Punch             ||     1
   Stab: Sleeping          ||     5
 Armour: Skin              ||    27
  Dodge: Dodged            ||    37

Table legend: (Time is in decaauts)
 A = Elapsed time spent in this place.
 B = Non-inter-level travel time spent in this place.
 C = Inter-level travel time spent in this place.
 D = Time resting spent in this place.
 E = Time spent auto-exploring this place.
 F = Levels seen in this place.
 G = Mean time per level.
                   A        B        C        D        E       F      G
               +--------+--------+--------+--------+--------+-----+--------+
         Total |    607 |    577 |     30 |      0 |    409 |   2 |  303.5 |
       Dungeon |    607 |    577 |     30 |      0 |    409 |   2 |  303.5 |
               +--------+--------+--------+--------+--------+-----+--------+

Top non-repeatable levels by time:
     D:1: 435 daAuts
     D:2: 171 daAuts
